 Dungeon Crawl Stone Soup version 0.26-a0-808-g930a2b7adc (webtiles) character file.

Game seed: 18136738477049147050

159 Morbidden the Insei (level 5, 25/38 HPs)
             Began as a Demonspawn Transmuter on Nov 12, 2020.
             Quit the game on level 4 of the Dungeon.
             The game lasted 00:03:17 (3182 turns).

Morbidden the Insei (Demonspawn Transmuter)         Turns: 3182, Time: 00:03:17

Health: 25/38      AC:  4    Str: 10    XL:     5   Next: 17%
Magic:  8/9        EV: 12    Int: 15    God:
Gold:   68         SH:  0    Dex: 14    Spells: 5/10 levels left

rFire    . . .     SeeInvis .     - Unarmed
rCold    . . .     Faith    .   (no shield)
rNeg     . . .     Spirit   .   a - +0 robe
rPois    .         Reflect  .   (helmet currently unavailable)
rElec    .         Harm     .   (no cloak)
rCorr    .         Rampage  .   (no gloves)
MR       .....                  (boots currently unavailable)
Stlth    +.........             (no amulet)
HPRegen  0.12/turn              (no ring)
MPRegen  0.11/turn              (no ring)

@: appendages
A: antennae 1, talons 2, yellow scales 1
a: End Transformation


You were on level 4 of the Dungeon.
You had grown temporary horns.
You had grown temporary talons.
You visited 1 branch of the dungeon, and saw 4 of its levels.

You collected 68 gold pieces.

Inventory:

Armour
 a - a +0 robe (worn)
 g - a +0 pair of boots (melded)
Scrolls
 e - 2 scrolls of teleportation
 f - a scroll of amnesia {unknown}
 h - a scroll of remove curse {unknown}
Potions
 b - 3 potions of curing {unknown}
 c - 2 potions of lignification {unknown}
 d - a potion of invisibility {unknown}


   Skills:
 * Level 1.7 Fighting
 + Level 2.1 Dodging
 + Level 0.2 Stealth
 + Level 3.4 Unarmed Combat
 * Level 3.0 Spellcasting
 * Level 2.9 Transmutations
 * Level 0.6 Ice Magic


You had 5 spell levels left.
You knew the following spells:

 Your Spells              Type           Power        Failure   Level
a - Beastly Appendage     Tmut           ##....       6%          1
b - Ice Form              Ice/Tmut       #.......     67%         4

Your spell library contained the following spells:

 Spells                   Type           Power        Failure   Level
 Wereblood                Tmut           ##......     9%          2
 Spider Form              Tmut/Pois      #.........   32%         3
 Blade Hands              Tmut           ##........   86%         5


Dungeon Overview and Level Annotations

Branches:
Dungeon (4/15)
 Temple: D:4-7

Altars:
Wu Jian


Innate Abilities, Weirdness & Mutations

You have a pair of small antennae on your head.
You are partially covered in yellow scales. (AC +2)
You have razor-sharp toenails.


Message History

Your headbutt misses the worker ant.
The worker ant is moderately wounded.
The worker ant bites you.
You hit the worker ant. You claw the worker ant.
The worker ant is heavily wounded.
The worker ant misses you.
You closely miss the worker ant. You claw the worker ant.
The worker ant is almost dead.
The worker ant completely misses you.
You closely miss the worker ant.
The worker ant is almost dead.
The worker ant barely misses you.
You hit the worker ant. You claw the worker ant.
You kill the worker ant!
Your Spellcasting skill increases to level 3!
You have reached level 5!
Your demonic ancestry asserts itself...
The horns on your head shrink a bit. The horns on your head shrink away.
A pair of antennae grows on your head!
Are you sure you want to abandon this character and quit the game? (Confirm with "yes".)

#.....# #.....#
##<..## #...##
#....### ######
##.....###....#####
##................
#...####....#####
#..## ##@### ....#
#.†..#
....####.......#
..## #..##.>.# .#
#.[# ###.. #.. #.#
#. .# # .#


There were no monsters in sight!

Vanquished Creatures
  An orc wizard (D:3)
  A worker ant (D:4)
  3 adders
  2 worms
  A dart slug (D:2)
  3 leopard geckos
  5 orcs
  A ball python (D:1)
  A giant cockroach (D:3)
  8 goblins
  8 hobgoblins
  2 jackals (D:3)
  11 kobolds
  6 bats
  2 frilled lizards
  A quokka skeleton (D:4)
  6 rats
62 creatures vanquished.

Notes
Turn   | Place    | Note
-------+----------+-------------------------------------------
     0 | D:1      | Morbidden the Demonspawn Transmuter began the quest for the
                  | Orb.
     0 | D:1      | Reached XP level 1. HP: 15/15 MP: 3/3
   209 | D:1      | Gained mutation: You are partially covered in yellow
                  | scales. (AC +2) [demonic ancestry]
   209 | D:1      | Reached XP level 2. HP: 21/21 MP: 3/5
  1215 | D:2      | Reached XP level 3. HP: 19/26 MP: 6/6
  1381 | D:2      | Found an ornate altar of the Wu Jian Council.
  2339 | D:3      | Reached XP level 4. HP: 32/32 MP: 6/8
  2364 | D:2      | Learned a level 4 spell: Ice Form
  3181 | D:4      | Lost mutation: You have a pair of horns on your head.
                  | [demonic ancestry]
  3181 | D:4      | Lost mutation: You have a pair of small horns on your head.
                  | [demonic ancestry]
  3181 | D:4      | Gained mutation: You have a pair of small antennae on your
                  | head. [demonic ancestry]
  3181 | D:4      | Reached XP level 5. HP: 25/38 MP: 7/9
  3182 | D:4      | Quit the game

Illustrated notes

Levels and vault maps discovered:
D:1:      tarquinn_simple_flora_water_d, layout_loops_ring
D:2:      layout_basic, lemuel_crystal_altar
D:3:      layout_loops_ring, lemuel_crystal_altar, lemuel_doored_altar
D:4:      layout_layer_cave, uniq_natasha

Skill      XL: |  1  2  3  4 |
---------------+-------------+-----
Transmutations | 2 |  2.9
Unarmed Combat | 3 |  3.4
Dodging        | 2 |  2.1
Spellcasting   | 3 |  3.0
Fighting       | |  1.7
Stealth        | |  0.2
Ice Magic      | |  0.6

Action                   |  1- 3 |  4- 6 || total
-------------------------+-------+-------++-------
Melee: Unarmed           |   120 |    83 ||   203
       Headbutt          |    10 |    12 ||    22
       Kick              |    20 |    17 ||    37
       Punch             |     1 |     1 ||     2
 Cast: Beastly Appendage |    29 |    13 ||    42
  Use: Scroll            |       |     1 ||     1
 Stab: Sleeping          |     2 |       ||     2
Armor: Robe              |    33 |    20 ||    53
Dodge: Dodged            |    71 |    46 ||   117

Table legend: (Time is in decaauts)
 A = Elapsed time spent in this place.
 B = Non-inter-level travel time spent in this place.
 C = Inter-level travel time spent in this place.
 D = Time resting spent in this place.
 E = Time spent auto-exploring this place.
 F = Levels seen in this place.
 G = Mean time per level.
                   A        B        C        D        E       F      G
               +--------+--------+--------+--------+--------+-----+--------+
         Total |   3171 |   3135 |     36 |      0 |   2678 |   4 |  792.8 |
       Dungeon |   3171 |   3135 |     36 |      0 |   2678 |   4 |  792.8 |
               +--------+--------+--------+--------+--------+-----+--------+

Top non-repeatable levels by time:
     D:2: 1263 daAuts
     D:1: 1082 daAuts
     D:3: 733 daAuts
     D:4: 92 daAuts
